Description

.

Build Order

Get SALT Encoding   

  14  0:16  Supply Depot  
  15  0:30  Refinery  
  16  0:45  Barracks  
  17  1:00  Action  SCOUT!
  19  1:17  Action  Stop SCV production!
  19  1:30  Barracks Reactor  
  19  1:32  Orbital Command  
  19  1:35  Command Center  Expand!
  19  1:55  Factory  Throw MULE!
  19  2:05  Supply Depot  Begin SCV production again!
  22  2:16  Marine  Start making Marines:6
  22  2:21  Refinery  Place when Factory hits 50%
  27  2:47  Factory Tech Lab  
  27  2:50  Factory  
  30  3:05  Orbital Command  + MULE
  34  3:20  Siege Tank  
  34  3:21  Action  6 Marines? Lift Barrack
  35  3:30  Supply Depot  Orbital done, make 1 Supply after another (Shift)
  37  3:40  Widow Mine  Land Factory on Reactor: make Widow Mines
  56  4:26  Command Center  
  56  4:30  Refinery x2  
  71  5:14  Factory  
  71  5:17  Starport  
  71  5:19  Barracks Reactor  
  81  5:35  Armory  
  82  5:40  Engineering Bay  
  93  5:55  Action  Starport on Reactor Barrack (switch)
  93  6:09  Liberator  
  100  6:18  Missile Turret x3  Against drops
Spawning Tool Build Advisor. Get it on Overwolf

Analysis

.

Go to:

Details

  • Created by: kj
  • Published on: Sep 05, 2017
  • Modified on: Sep 05, 2017
  • Patch: 3.8.0
Show
View Real Time Build Order
Export as new Build Order

Comments (2)

On May 15, 2022, 3:27 a.m., mrtubby69  said:

THE BUILD ORDER
14 > Supply
15 > Gas
16 > Barracks
100% Barracks > Reactor, Expand, Factory, Supply, 2nd Gas
100% Factory > 2nd Factory, Tech lab On Factory
100% 2nd Factory > Land on Reactor
12 SCV's at Expansion > 3rd CC, 2 Gases
12 SCV's at Expansion after saturating both Gases > Factory, Starport, Reactor on Barracks
16 SCV's at Expansion > Armory, Engineering Bay, Turrets to defend from drops in Main and Natural, Lift to Get the Third
Immediately get the 2 Gases on Third
Make Extra CC's and Mass Turrets as you get extra Minerals, your gas is going to stay very low for the whole game
After 3 Bases fully saturated > Blue Flame and Drilling Claws

When you move out to attack, build +2 Factories and 1 Starport.
Your army composition should always have:
6-8 Widow Mines
12-16 Hellbats
12-16 Siege Tanks
6-8 Liberators
2-3 Thors

And off course, adapt as necessary.

On Sept. 30, 2017, 11:02 a.m., Zentraidee  said:

20 streak wins for me and it was awesome.I hope to practice more leniently with this BO.

Create an account to comment!